 Dungeon Crawl Stone Soup version 0.22-a0-368-g870eee8 (webtiles) character file.

991 p0werm0de the Chopper (level 7, -8/66 HPs)
             Began as a Deep Dwarf Fighter on Apr 23, 2018.
             Mangled by an orc warrior
             ... wielding a +0 dire flail
              (12 damage)
             ... on level 6 of the Dungeon.
             The game lasted 00:02:54 (2695 turns).

p0werm0de the Chopper (Deep Dwarf Fighter)          Turns: 2695, Time: 00:02:55

Health: -8/66      AC:  6    Str: 21    XL:     7   Next: 98%
Magic:  0/0        EV:  9    Int:  9    God:
Gold:   279        SH:  0    Dex: 12    Spells: 6/6 levels left

rFire    . . .     SeeInvis .   w - +2 battleaxe
rCold    . . .     Gourm    +   (shield currently unavailable)
rNeg     . . .     Faith    .   b - +0 scale mail
rPois    .         Spirit   .   (no helmet)
rElec    .         Reflect  .   (no cloak)
rCorr    .         Harm     .   (no gloves)
MR       +....                  (no boots)
Stlth    ..........             p - amulet of the gourmand
HPRegen  0.00/turn              (no ring)
MPRegen  0.07/turn              (no ring)

@: non-regenerating, heavily drained
A: damage resistance, heal wounds, sense surroundings 1, no regeneration
a: Heal Wounds


You were on level 6 of the Dungeon.
You were not hungry.

You visited 1 branch of the dungeon, and saw 6 of its levels.

You collected 279 gold pieces.

Inventory:

Hand Weapons
 a - a +0 war axe
 w - a +2 battleaxe (weapon)
Armour
 b - a +0 scale mail (worn)
 c - a +0 shield
Jewellery
 n - an uncursed amulet of guardian spirit {unknown}
 p - an amulet of the gourmand (around neck)
Wands
 k - a wand of iceblast (6) {@v4}
 m - a wand of acid (4) {@v2}
Scrolls
 g - 2 scrolls of teleportation {unknown}
 h - 2 scrolls of blinking {unknown}
 i - a scroll of immolation {unknown}
 j - 4 scrolls of remove curse {unknown}
 l - 5 scrolls of amnesia {unknown}
 o - a scroll of fog {unknown}
 q - a scroll of enchant weapon {unknown}
 s - 3 scrolls of identify {unknown}
 v - a scroll of enchant armour {unknown}
Potions
 d - a potion of might
 f - a potion of haste
 x - a potion of brilliance {unknown}
Comestibles
 e - 8 rations


   Skills:
 + Level 4.6(2.0) Fighting
 * Level 6.7(4.0) Axes
 + Level 5.5(2.9) Armour
 + Level 5.5(2.9) Shields


You had 6 spell levels left.
You didn't know any spells.

Dungeon Overview and Level Annotations

Branches:
Dungeon (6/15)
 Temple: D:4-7

Altars:
Kikubaaqudgha
Zin

Portals:
Sewer: D:3


Innate Abilities, Weirdness & Mutations

You are resistant to damage.
You can heal yourself by infusing magical energy.
You passively map a small area around you.
You do not regenerate.


Message History

You barely miss the quokka.
The quokka bites you but does no damage.
The quokka closely misses you.
A leopard gecko comes into view.
The leopard gecko hisses angrily.
You hit the wyvern skeleton.
The wyvern skeleton is lightly damaged.
You closely miss the orc. You barely miss the quokka.
The wyvern skeleton barely misses you.
The quokka bites you but does no damage.
The wyvern skeleton misses you.
You slash the wyvern skeleton!
The wyvern skeleton is heavily damaged.
You hit the orc warrior. You slash the quokka!
You kill the quokka!
You hit the orc. The wyvern skeleton bites you!
* * * LOW HITPOINT WARNING * * *
The orc closely misses you.
The orc warrior hits you with a dire flail!
You die...

##..##..........# , , #.##.#
#..##..........# * #.##.#
#..##..........# ##.##.#
##..##..........# , *
#.<...# <#..............+ ,
,* *#.#####
###.##..........## ,...
.................###########
###.#######............. , ,
#... ,###..†@o.#..#, , ,
#.### **#....oZl...... , #.#
*#..##........... * ### .#*
####........, , * ,
**#...#..#. , .........
#########* * ,


You could see an orc warrior, an orc, a leopard gecko and a wyvern skeleton.

Vanquished Creatures
  2 ice beasts (D:6)
  A phantom (D:4)
  An ogre (D:4)
  A bullfrog (D:6)
  3 wights (D:6)
  2 crimson imps (D:5)
  A hound (D:5)
  An orc priest (D:6)
  A centaur skeleton (D:6)
  An orc wizard (D:6)
  Ijyb (D:3)
  An iguana (D:6)
  A worker ant (D:4)
  5 adders
  4 gnolls (D:5)
  A shadow imp (D:6)
  An ooze (D:3)
  2 adder skeletons
  3 worms
  A dart slug (D:2)
  2 leopard geckos
  10 orcs
  7 bats
  6 giant cockroaches
  2 goblins
  4 hobgoblins
  3 jackals (D:4)
  3 quokkas
  3 ball pythons
  A ball python skeleton (D:4)
  A frilled lizard (D:1)
  A jackal skeleton (D:4)
  10 kobolds
  A quokka skeleton (D:4)
  4 rats
92 creatures vanquished.

Notes
Turn   | Place    | Note
-------+----------+-------------------------------------------
     0 | D:1      | p0werm0de the Deep Dwarf Fighter began the quest for the Orb.
     0 | D:1      | Reached XP level 1. HP: 20/20 MP: 1/1
    53 | D:1      | Reached XP level 2. HP: 27/27 MP: 2/2
   273 | D:3      | Noticed Ijyb
   300 | D:3      | Killed Ijyb
   300 | D:3      | Reached skill level 3 in Axes
   300 | D:3      | Reached XP level 3. HP: 32/34 MP: 2/2
   360 | D:3      | Reached XP level 4. HP: 36/42 MP: 3/3
   419 | D:3      | Found a glowing drain.
   537 | D:3      | Found a glowing silver altar of Zin.
   950 | D:4      | Noticed a phantom
   989 | D:4      | Killed a phantom
   989 | D:4      | Reached skill level 4 in Axes
   989 | D:4      | Reached XP level 5. HP: 35/49 MP: 3/3
  1317 | D:4      | Noticed an ogre
  1328 | D:4      | Killed an ogre
  1328 | D:4      | Reached XP level 6. HP: 56/57 MP: 4/4
  1436 | D:5      | Entered Level 5 of the Dungeon
  1443 | D:5      | Reached skill level 5 in Axes
  1882 | D:6      | Reached XP level 7. HP: 60/64 MP: 4/4
  1910 | D:6      | Reached skill level 5 in Shields
  1927 | D:6      | Reached skill level 6 in Axes
  1927 | D:6      | Reached skill level 5 in Armour
  1940 | D:6      | Found an ancient bone altar of Kikubaaqudgha.
  2695 | D:6      | Mangled by an orc warrior

Vault maps used:
D:1:      lightli_arrival_noodles, st_stairs_11
D:2:      ashenzari_altar_1, hex_large, minmay_tree_intersection
D:3:      old_standard_altar, first_ration, cheibrodos_sewer_entry_sluice,
          uniq_ijyb
D:6:      kiku_gazebo_garden_becter, temple_hall, grunt_decor_clamped

Skill      XL: |  1  2  3  4  5  6  7 |
---------------+----------------------+-----
Fighting       | 3 4 |  4.6
Axes           | 3 4 5 6 |  6.7
Shields        | 4 5 |  5.5
Armour         | 4 5 |  5.5

Action                   |  1- 3 |  4- 6 |  7- 9 || total
-------------------------+-------+-------+-------++-------
Melee: War axe           |   115 |   183 |    35 ||   333
       Battleaxe         |       |       |    42 ||    42
 Abil: Heal Wounds       |     1 |     5 |     9 ||    15
  Use: Potion            |       |       |     7 ||     7
 Stab: Invisible         |       |       |     1 ||     1
  Eat: Chunk             |       |    16 |       ||    16
Armor: Scale mail        |    99 |    78 |    29 ||   206
       Skin              |       |       |    20 ||    20
Dodge: Dodged            |    58 |    49 |    36 ||   143
Block: Shield            |    77 |   105 |    26 ||   208

Table legend:
 A = Spawn XP
 B = Non-spawn XP
 C = Spawn XP percentage of total XP
 D = Spawn monster count
 E = Non-spawn monster count
 F = Spawn count percentage of total count
 G = Total turns spent on level
                    A         B        C        D         E        F      G
               +---------+---------+-------+---------+---------+-------+---------
         Total |       0 |    1416 |   0.0 |       0 |      92 |   0.0 |  2695
               +---------+---------+-------+---------+---------+-------+---------
           D:1 |       0 |      33 |   0.0 |       0 |      19 |   0.0 |   243
           D:2 |       0 |       4 |   0.0 |       0 |       1 |   0.0 |    29
           D:3 |       0 |     110 |   0.0 |       0 |      28 |   0.0 |   469
           D:4 |       0 |     335 |   0.0 |       0 |      17 |   0.0 |   695
           D:5 |       0 |     222 |   0.0 |       0 |       9 |   0.0 |   434
           D:6 |       0 |     712 |   0.0 |       0 |      18 |   0.0 |   825
               +---------+---------+-------+---------+---------+-------+---------
